 Dungeon Crawl Stone Soup version 0.29-a0-613-gf2c431b9b9 (webtiles) character file.

Game seed: 12703370228209473100

11 ytrimaz the Skirmisher (level 2, 21/24 HPs)
             Began as a Demonspawn Fighter on June 17, 2022.
             Quit the game on level 1 of the Dungeon.
             The game lasted 00:00:32 (414 turns).

ytrimaz the Skirmisher (Demonspawn Fighter)          Turns: 414, Time: 00:00:33

Health: 21/24      AC:  6    Str: 16    XL:     2   Next: 13%
Magic:  2/2        EV:  8    Int:  9    God:
Gold:   33         SH:  4    Dex: 12    Spells: 1/1 levels left

rFire   . . .      SeeInvis .   a - +0 war axe
rCold   . . .      Faith    .   c - +0 buckler
rNeg    . . .      Spirit   .   b - +0 scale mail
rPois   .          Reflect  .   (no helmet)
rElec   .          Harm     .   (no cloak)
rCorr   .          Rampage  .   (no gloves)
Will    .....                   (no boots)
Stlth   ..........              (no amulet)
HPRegen 0.08/turn               (no ring)
MPRegen 0.08/turn               (no ring)

@: no status effects
A: foul stench 1
a: no special abilities


You were on level 1 of the Dungeon.
You visited 1 branch of the dungeon, and saw 1 of its levels.

You collected 33 gold pieces.

Inventory:

Hand Weapons
 a - a +0 war axe (weapon)
Armour
 b - a +0 scale mail (worn)
 c - a +0 buckler (worn)
Jewellery
 i - a ring of wizardry
Scrolls
 f - a scroll of identify {unknown}
 g - a scroll of enchant weapon {unknown}
 j - a scroll of blinking {unknown}
Potions
 d - a potion of might
 e - a potion of lignification {unknown}
 h - 3 potions of mutation {unknown}


   Skills:
 - Level 3.0 Fighting
 + Level 2.6 Axes
 - Level 2.6 Armour
 - Level 2.6 Shields


You had one spell level left.
You didn't know any spells.
Your spell library contained the following spells:

 Spells                   Type           Power      Damage    Failure   Level
 Gell's Gravitas          Tloc           0%         N/A       99%         3
 Teleport Other           Tloc           0%         N/A       99%         3
 Dispersal                Tloc           0%         N/A       100%        6
 Disjunction              Tloc           0%         N/A       100%        8


Dungeon Overview and Level Annotations

Branches:
Dungeon (1/15)

Altars:


Innate Abilities, Weirdness & Mutations

You may rarely emit foul miasma when damaged in melee.


Message History

The endoplasm quivers.
The endoplasm moves out of view.
Found a book of the Warp.
The frilled lizard barely misses you.
You closely miss the frilled lizard. The frilled lizard bites you.
You block the endoplasm's attack. You block the frilled lizard's attack.
You hit the frilled lizard.
You kill the frilled lizard!
You hit the endoplasm. The endoplasm freezes you.
You are frozen.
You hit the endoplasm.
You kill the endoplasm!
You see here a frilled lizard corpse.
No target in view!
No target in view!
You pick up a book of the Warp and begin reading...
You add the spell Disjunction to your library.
No target in view!
No target in view!
You open the door.
There is an open door here.
A rat and a ball python come into view.
The ball python hisses angrily.
There are monsters nearby!
There are monsters nearby!
There are monsters nearby!
Found 7 gold pieces.
The rat bites you.
You completely miss the rat. You hit the ball python.
The ball python bites you but does no damage.
The ball python grabs you. The ball python constricts you.
The rat bites you but does no damage. You block the ball python's attack.
The ball python constricts you.
You hit the rat.
You kill the rat!
You closely miss the ball python. You block the ball python's attack.
The ball python constricts you.
You escape the ball python's grasp.
Found 2 lumpy purple potions.
The ball python bites you. The ball python closely misses you.
Are you sure you want to abandon this character and quit the game? (Confirm with "yes".)

#.....#.#........†
#.###.#'###.......
#.................
#.................
#.................
#.................
#.###+#+#######...
######.###.# #...
#....S@....# ###
#.....#.......
#..... .#.####
#..... .#...
#..... .# ###
#..... $# #.....
.# #!.... +#


You could see a ball python.

Vanquished Creatures
  A dart slug (D:1)
  An endoplasm (D:1)
  A hobgoblin (D:1)
  2 ball pythons (D:1)
  A bat (D:1)
  2 frilled lizards (D:1)
  3 rats (D:1)
11 creatures vanquished.

Notes
Turn   | Place    | Note
-------+----------+-------------------------------------------
     0 | D:1      | ytrimaz the Demonspawn Fighter began the quest for the Orb.
     0 | D:1      | Reached XP level 1. HP: 18/18 MP: 1/1
   169 | D:1      | Gained mutation: You may rarely emit foul miasma when
                  | damaged in melee. [demonic ancestry]
   169 | D:1      | Reached XP level 2. HP: 15/24 MP: 2/2
   414 | D:1      | Quit the game

Illustrated notes

Levels and vault maps discovered:
D:1:      amcnicky_arrival_gap_in_the_tavern_cellar, layout_basic,
          dreamdust_ecumenical_altar_statues

Skill      XL: |  1 |
---------------+----+-----
Axes           | 2 |  2.6
Fighting       | |  3.0
Armour         | |  2.6
Shields        | |  2.6

Action                   || total
-------------------------++-------
Melee: War axe           ||    20
Armor: Scale mail        ||    15
Dodge: Dodged            ||    16
Block: Buckler           ||     8

Table legend: (Time is in decaauts)
 A = Elapsed time spent in this place.
 B = Non-inter-level travel time spent in this place.
 C = Inter-level travel time spent in this place.
 D = Time resting spent in this place.
 E = Time spent auto-exploring this place.
 F = Levels seen in this place.
 G = Mean time per level.
                   A        B        C        D        E       F      G
               +--------+--------+--------+--------+--------+-----+--------+
         Total |    423 |    423 |      0 |      0 |    323 |   1 |  423.0 |
       Dungeon |    423 |    423 |      0 |      0 |    323 |   1 |  423.0 |
               +--------+--------+--------+--------+--------+-----+--------+

Top non-repeatable levels by time:
     D:1: 423 daAuts
